Map: Orbital Shipyard

Players

Nerchio - Winner!

  • Race: Zerg Zerg

SortOf

  • Race: Zerg Zerg

Event: 2016 WCS Winter Circuit Championship

VOD

Have the link to the VOD?

Description

Time

  • Played on: March 3, 2016, 12:10 p.m.
  • Length: 15:02

All games in this series

Show
View Real Time Build Order
Export as new Build Order

Nerchio Zerg - Winner!

Build Orders: Hatch First, Lurkers 

Get SALT Encoding   

  12  0:00  Drone  
  13  0:12  Overlord  
  13  0:17  Drone  
  14  0:30  Drone x2  
  14  0:34  Drone  
  17  0:52  Hatchery  
  17  0:55  Drone  
  17  0:58  Drone  
  17  1:00  Extractor  
  17  1:14  Spawning Pool  
  17  1:16  Drone  
  17  1:20  Drone  
  18  1:28  Drone  
  19  1:38  Overlord  
  19  1:51  Drone  
  20  2:00  Queen  
  20  2:01  Zergling x2  
  23  2:02  Metabolic Boost  
  23  2:05  Queen  
  25  2:09  Zergling x2  
  25  2:11  Drone  
  28  2:15  Drone  
  28  2:21  Drone  
  29  2:27  Baneling Nest, Drone  
  29  2:34  Drone  
  30  2:38  Drone  
  31  2:46  Drone  
  32  2:52  Zergling x2  
  33  2:59  Hatchery  
  32  3:06  Baneling Nest  
  32  3:07  Zergling x4  
  32  3:08  Overlord  
  32  3:11  Drone  
  34  3:13  Drone  
  35  3:20  Overlord  
  35  3:26  Drone  
  35  3:27  Drone x3  
  38  3:30  Drone  
  38  3:31  Drone  
  41  3:38  Evolution Chamber, Drone  
  41  3:39  Drone  
  41  3:41  Drone  
  43  3:43  Drone  
  43  3:45  Drone  
  45  3:50  Extractor  
  45  3:53  Roach Warren  
  45  3:54  Drone  
  43  3:56  Drone  
  43  4:01  Overlord  
  44  4:05  Zerg Missile Weapons Level 1  
  44  4:06  Drone  
  44  4:07  Drone  
  44  4:09  Drone  
  47  4:14  Queen  
  49  4:34  Roach x2  
  49  4:35  Roach x4  
  49  4:36  Extractor  
  49  4:37  Overlord  
  60  4:45  Lair  
  60  4:46  Roach x2  
  60  4:50  Overlord  
  60  4:51  Overlord  
  64  4:53  Overlord  
  64  5:03  Drone  
  64  5:04  Drone x5  
  70  5:07  Overlord  
  70  5:11  Drone x2  
  70  5:15  Overlord  
  70  5:16  Drone  
  70  5:17  Drone  
  70  5:20  Drone x2  
  73  5:22  Drone  
  73  5:24  Drone  
  73  5:25  Extractor  
  73  5:27  Drone  
  73  5:28  Drone  
  76  5:29  Drone  
  76  5:32  Roach  
  76  5:35  Roach  
  81  5:37  Roach  
  81  5:40  Roach  
  81  5:41  Roach  
  87  5:43  Glial Reconstitution  
  87  5:46  Drone  
  87  5:47  Drone  
  89  5:53  Overseer  
  89  6:01  Drone x2  
  89  6:02  Extractor, Drone x7  
  89  6:04  Extractor, Overlord  
  96  6:12  Drone  
  96  6:18  Spore Crawler  
  96  6:19  Spore Crawler x2  
  96  6:22  Infestation Pit  
  96  6:23  Hydralisk Den, Queen, Drone  
  96  6:24  Queen  
  97  6:33  Drone  
  97  6:34  Spore Crawler, Drone x2  
  97  6:36  Overlord x2  
  99  6:47  Overlord x2  
  99  7:01  Muscular Augments  
  99  7:05  Zerg Missile Weapons Level 2  
  99  7:06  Hydralisk x7  
  99  7:07  Hydralisk  
  115  7:11  Hydralisk x2  
  115  7:13  Hydralisk  
  121  7:23  Hydralisk  
  121  7:25  Roach x3  
  121  7:26  Overlord  
  121  7:28  Overlord  
  115  7:30  Roach  
  115  7:31  Queen  
  115  7:34  Infestor  
  115  7:35  Roach  
  115  7:37  Roach  
  113  7:39  Spore Crawler  
  113  7:41  Roach x2  
  113  7:43  Roach  
  118  7:45  Roach  
  118  7:47  Roach  
  118  7:49  Roach  
  118  7:51  Roach  
  126  7:53  Roach  
  126  7:58  Spore Crawler, Roach  
  127  7:59  Roach  
  127  8:03  Roach  
  127  8:04  Roach x2  
  137  8:07  Overlord  
  137  8:08  Overlord  
  134  8:15  Extractor  
  134  8:18  Overlord  
  133  8:21  Overlord  
  133  8:26  Drone x2  
  133  8:27  Hatchery, Drone, Hydralisk  
  135  8:29  Hydralisk  
  135  8:32  Hydralisk  
  141  8:40  Hydralisk  
  143  8:43  Roach x2  
  143  8:44  Roach x2  
  143  8:45  Roach  
  143  8:46  Roach  
  155  8:50  Roach x2  
  155  8:53  Roach  
  155  8:54  Roach  
  163  8:56  Roach  
  163  8:58  Roach  
  163  9:00  Extractor  
  165  9:06  Roach x2  
  168  9:10  Roach  
  168  9:12  Overlord x2  
  168  9:16  Overlord x2  
  170  9:21  Hydralisk Den  
  170  9:24  Overlord x2  
  167  9:34  Roach x3  
  167  9:35  Roach x3  
  167  9:38  Roach  
  161  9:40  Roach  
  161  9:42  Roach  
  161  9:44  Roach  
  159  9:45  Roach  
  159  9:46  Ravager  
  159  9:47  Ravager x2  
  159  9:48  Ravager  
  159  9:51  Roach  
  165  9:53  Roach  
  165  9:54  Roach  
  165  9:56  Ravager x2  
  165  9:57  Ravager x2  
  175  10:00  Roach  
  175  10:04  Roach x2  
  175  10:05  Roach  
  175  10:06  Ravager  
  174  10:08  Roach  
  174  10:10  Roach  
  176  10:14  Roach x2  
  176  10:20  Lurker Den  
  180  10:21  Roach  
  180  10:26  Roach x3  
  180  10:28  Roach  
  184  10:30  Ravager  
  184  10:31  Roach  
  184  10:33  Roach  
  189  10:37  Roach  
  189  10:38  Roach  
  189  10:39  Roach  
  193  10:45  Roach  
  192  10:51  Drone x2  
  192  10:52  Zerg Ground Armor Level 1  
  192  10:53  Queen  
  192  10:57  Drone  
  189  10:58  Tunneling Claws  
  189  11:00  Roach  
  189  11:01  Drone  
  192  11:05  Roach  
  192  11:09  Drone x2  
  198  11:11  Roach  
  198  11:13  Ravager x2  
  200  11:20  Extractor  
  199  11:28  Drone x4  
  198  11:33  Drone x2  
  198  11:46  Roach x2  
  186  11:48  Roach x5  
  186  11:49  Roach  
  186  11:50  Roach  
  186  11:53  Roach  
  191  11:54  Roach  
  191  11:56  Roach x2  
  191  11:59  Roach  
  191  12:00  Roach  
  188  12:02  Roach  
  188  12:04  Roach  
  188  12:07  Drone x2  
  188  12:09  Roach  
  188  12:10  Ravager  
  188  12:11  Ravager  
  189  12:18  Roach x2  
  189  12:19  Roach  
  189  12:21  Roach  
  197  12:23  Roach  
  197  12:26  Roach  
  199  12:31  Lurker  
  199  12:43  Roach x2  
  199  12:44  Roach x3  
  190  12:45  Roach  
  190  12:46  Roach  
  189  12:55  Roach  
  189  12:56  Roach  
  189  13:05  Drone  
  183  13:20  Lurker x2, Hatchery  
  183  13:21  Lurker  
  183  13:26  Lurker  
  183  13:27  Lurker  
  174  13:48  Roach x6  
  172  13:49  Roach  
  172  13:53  Roach x2  
  168  14:10  Roach x2  
  168  14:11  Roach x4  
  168  14:12  Roach  
  168  14:13  Roach  
  168  14:14  Roach  
  168  14:16  Roach  
  146  14:18  Roach  
  146  14:21  Roach  
  146  14:23  Roach  
  132  14:25  Roach  
  132  14:27  Roach  
  132  14:29  Roach  
  132  14:31  Roach  
  132  14:34  Roach  
Show
View Real Time Build Order
Export as new Build Order

SortOf Zerg 

Build Orders: Pool First 

Get SALT Encoding   

  12  0:00  Drone  
  13  0:12  Overlord  
  13  0:16  Drone  
  14  0:30  Drone x2  
  14  0:34  Drone  
  17  0:43  Spawning Pool  
  17  0:47  Drone  
  17  0:55  Drone  
  18  1:10  Hatchery  
  17  1:12  Extractor  
  17  1:15  Drone  
  17  1:19  Drone  
  18  1:30  Queen  
  18  1:31  Zergling x2  
  21  1:41  Roach Warren  
  21  1:44  Drone  
  21  1:50  Overlord  
  21  2:00  Drone  
  22  2:08  Queen  
  24  2:11  Drone  
  25  2:21  Drone  
  27  2:22  Drone  
  27  2:33  Drone  
  28  2:38  Drone x2  
  28  2:39  Roach x2  
  34  2:45  Overlord  
  34  2:47  Drone  
  35  2:56  Drone  
  35  2:57  Lair  
  36  3:06  Roach x2  
  36  3:07  Drone  
  36  3:10  Drone x2  
  43  3:13  Overlord  
  43  3:18  Drone  
  44  3:22  Overlord  
  44  3:26  Overlord  
  44  3:28  Overlord  
  44  3:39  Drone x2  
  46  3:42  Drone x4, Extractor  
  46  3:44  Extractor  
  48  3:51  Extractor  
  48  3:55  Hatchery  
  47  3:57  Drone x2  
  47  4:00  Drone  
  47  4:01  Overseer  
  50  4:06  Glial Reconstitution  
  50  4:08  Drone  
  51  4:10  Drone  
  51  4:15  Overlord  
  52  4:18  Roach  
  52  4:22  Queen  
  56  4:25  Drone  
  56  4:28  Extractor, Drone  
  56  4:29  Drone  
  58  4:33  Drone x2  
  60  4:40  Spire  
  60  4:44  Roach  
  61  4:48  Roach x2  
  61  4:51  Drone x2  
  67  4:53  Drone  
  67  4:54  Drone  
  67  4:55  Drone  
  67  4:59  Overlord  
  70  5:04  Drone  
  71  5:07  Drone x2  
  71  5:10  Drone  
  71  5:11  Drone  
  73  5:17  Evolution Chamber  
  73  5:20  Roach x3  
  78  5:24  Queen  
  78  5:27  Overlord  
  80  5:32  Extractor  
  79  5:41  Drone x3  
  82  5:51  Mutalisk x5  
  82  5:54  Mutalisk  
  82  5:56  Drone x2  
  95  6:01  Extractor  
  95  6:03  Mutalisk  
  96  6:05  Overlord  
  96  6:06  Drone, Overlord  
  96  6:07  Overlord  
  97  6:12  Overlord  
  97  6:14  Zerg Missile Weapons Level 1  
  97  6:24  Mutalisk  
  99  6:26  Drone x4  
  103  6:33  Mutalisk x2  
  103  6:36  Drone  
  103  6:37  Drone x4  
  103  6:38  Overlord  
  103  6:39  Drone x2  
  114  6:43  Roach  
  114  6:47  Roach x3  
  120  6:50  Roach  
  120  6:51  Overlord  
  124  6:56  Mutalisk  
  126  7:07  Roach  
  126  7:08  Roach x4  
  136  7:09  Overlord x2  
  135  7:20  Roach x3  
  135  7:21  Roach x3  
  135  7:22  Roach  
  144  7:28  Mutalisk x2  
  144  7:32  Zergling x4  
  144  7:34  Zergling x4  
  146  7:43  Hatchery  
  145  7:46  Ravager  
  145  7:47  Queen, Drone x3  
  145  7:50  Zergling x4  
  153  8:01  Overlord  
  147  8:06  Roach  
  147  8:07  Roach x3  
  147  8:08  Overlord  
  153  8:16  Zerg Missile Weapons Level 2  
  153  8:17  Overseer  
  153  8:20  Roach  
  153  8:21  Roach x3  
  153  8:22  Roach  
  153  8:24  Overlord x2, Ravager  
  153  8:25  Overlord  
  162  8:30  Overlord  
  162  8:39  Roach x4  
  169  8:42  Roach  
  169  8:46  Roach x2  
  169  8:47  Roach  
  176  8:54  Roach x3  
  180  8:56  Roach x2  
  180  8:57  Roach x3  
  190  9:05  Roach  
  190  9:06  Roach x4  
  190  9:07  Ravager  
  190  9:08  Ravager x3  
  200  9:21  Roach  
  200  9:36  Roach  
  200  9:37  Roach x7  
  186  9:38  Roach x3  
  186  9:39  Roach x4  
  186  9:42  Roach  
  176  9:47  Drone  
  176  9:49  Ravager x2  
  176  9:50  Extractor x2, Ravager x4  
  176  9:51  Roach  
  176  9:52  Roach  
  185  9:55  Roach x2  
  189  10:05  Roach x6  
  193  10:19  Ravager x2  
  184  10:28  Roach  
  184  10:29  Roach x3  
  184  10:33  Overlord  
  190  10:43  Overlord  
  190  10:47  Roach x3  
  189  10:51  Drone x2  
  189  10:57  Roach x9  
  196  11:04  Ravager x5  
  196  11:05  Overseer  
  196  11:08  Zerg Ground Armor Level 1  
  198  11:24  Roach x2  
  194  11:40  Roach x2  
  194  11:45  Roach x6  
  194  11:46  Infestation Pit  
  193  11:51  Roach x2  
  193  11:52  Roach x5  
  171  12:03  Roach x6  
  177  12:10  Drone x2  
  179  12:17  Drone  
  179  12:18  Drone x4, Overlord  
  182  12:23  Hatchery  
  182  12:27  Overseer x2, Ravager  
  182  12:29  Hive  
  177  12:42  Roach x14  
  186  12:47  Roach x3  
  186  12:48  Roach  
  186  12:49  Roach x2  
  181  12:55  Roach  
  169  12:58  Roach  
  169  13:04  Roach  
  169  13:05  Roach  
  165  13:17  Roach  
  165  13:18  Roach x4  
  175  13:26  Overlord  
  175  13:41  Roach x5  
  175  13:51  Roach x3  
  173  13:58  Roach x3  
  176  14:09  Roach x4  
  119  14:17  Roach x2  
  119  14:19  Roach x2  
  119  14:22  Roach  
  82  14:25  Roach  
  82  14:27  Roach  
  82  14:29  Ravager  
  74  14:35  Roach  
  66  14:39  Roach  
  66  14:40  Roach x4  
  64  14:57  Ravager x3  
  64  14:58  Ravager  
Tags
 
Add a new tag
Caveats
  • Supply blocks, unpowered buildings, or Contaminate may cause inaccurate times.
  • Supply counts are checked every 10 seconds.